 Dungeon Crawl Stone Soup version 0.22-a0-596-gfbd32a6 (webtiles) character file.

49 iamserjio the Chopper (level 3, -2/43 HPs)
             Began as a Demonspawn Berserker on July 5, 2018.
             Was a Believer of Trog.
             Slain by a centaur (8 damage)
             ... on level 5 of the Dungeon.
             The game lasted 00:02:59 (451 turns).

iamserjio the Chopper (Demonspawn Berserker)         Turns: 451, Time: 00:03:00

Health: -2/43      AC:  4    Str: 23    XL:     3   Next: 53%
Magic:  3/3        EV: 12    Int:  8    God:    Trog [**....]
Gold:   76         SH:  0    Dex: 12    Spells: 2/2 levels left

rFire    . . .     SeeInvis .   a - +0 hand axe
rCold    + . .     Gourm    .   (no shield)
rNeg     . . .     Faith    .   p - +0 leather armour
rPois    .         Spirit   .   (no helmet)
rElec    .         Reflect  .   (no cloak)
rCorr    .         Harm     .   (no gloves)
MR       .....                  k - +0 pair of boots
Stlth    ..........             (no amulet)
HPRegen  0.14/turn              (no ring)
MPRegen  0.08/turn              (no ring)

@: berserking, very quick
A: cold resistance 1
a: Berserk, Trog's Hand, Renounce Religion


You were on level 5 of the Dungeon.
You worshipped Trog.
Trog was pleased with you.
You were very hungry.

You visited 1 branch of the dungeon, and saw 5 of its levels.

You collected 76 gold pieces.

Inventory:

Hand Weapons
 a - a +0 hand axe (weapon)
 o - a cursed -3 mace
Armour
 b - a +0 animal skin
 k - a +0 pair of boots (worn)
 p - a +0 leather armour (worn)
Scrolls
 d - 2 scrolls of teleportation {unknown}
 h - a scroll of random uselessness {unknown}
 i - a scroll of remove curse {unknown}
 j - a scroll of fear {unknown}
 m - a scroll of identify {unknown}
 n - a scroll of amnesia {unknown}
Potions
 e - a potion of might {unknown}
 g - a potion of curing {@q1}
 l - a potion of lignification {unknown}
Comestibles
 c - 2 rations
 f - 5 chunks of flesh


   Skills:
 + Level 3.4 Fighting
 * Level 3.5 Axes
 + Level 2.3 Armour
 - Level 1.7 Dodging


You had 2 spell levels left.
You didn't know any spells.
Your spell library was empty.

Dungeon Overview and Level Annotations

Branches:
Dungeon (5/15)
 Temple: D:4-7

Altars:


Innate Abilities, Weirdness & Mutations

Your flesh is cold resistant. (rC+)


Message History

You continue putting on your leather armour. x5
You finish putting on your +0 leather armour.
Butcher an orc corpse? [(y)es/(n)o/(a)ll/(q)uit/?]
You butcher the orc corpse. x2
f - 4 chunks of flesh (gained 2);
f - 5 chunks of flesh (gained 1)
Things that are here:
a short sword; a falchion
There is a stone staircase leading down here.
You climb downwards.
A centaur comes into view.
The centaur hits you. x2
* * * LOW HITPOINT WARNING * * *
There is a stone staircase leading up here.
A red film seems to cover your vision as you go berserk!
You feel yourself moving faster!
You feel mighty!
You are feeling very hungry.
The centaur hits you!
* * * LOW HITPOINT WARNING * * *
The centaur hits you!
You die...

#### ..# #
#.# . #@# .
#....c....#
.##
####.#.##.#
#.# #.#.#
#.# #.. #
#<# #.#
.#......#
#.# #
.##.h.. #..
.# $#


You could see a centaur.

Vanquished Creatures
  A worker ant (D:4)
  A leopard gecko (D:4)
  3 orcs (D:4)
  A bat (D:1)
  A giant cockroach (D:3)
  2 goblins
  A hobgoblin (D:2)
  2 jackals (D:2)
  3 quokkas (D:2)
  A ball python (D:2)
  2 frilled lizards (D:2)
  2 kobolds
  2 rats
22 creatures vanquished.

Notes
Turn   | Place    | Note
-------+----------+-------------------------------------------
     0 | D:1      | iamserjio the Demonspawn Berserker began the quest for the Orb.
     0 | D:1      | Reached XP level 1. HP: 18/18 MP: 1/1
   152 | D:2      | Gained mutation: Your flesh is cold resistant. (rC+) [demonic ancestry]
   152 | D:2      | Reached XP level 2. HP: 16/24 MP: 2/2
   336 | D:4      | Reached XP level 3. HP: 8/29 MP: 3/3
   342 | D:5      | Entered Level 5 of the Dungeon
   421 | D:4      | Reached ** piety under Trog
   450 | D:5      | Noticed a centaur
   451 | D:5      | Slain by a centaur

Vault maps used:
D:1:      onia_arrival_mini_spirals
D:2:      minmay_misc_feat_cross, uniq_natasha
D:3:      old_standard_altar, first_ration
D:4:      chequers_temple_overflow_statue_of_worship, nrook_mini_vaults,
          uniq_eustachio
D:5:      nicolae_overflow_crystal_walls, minmay_temple_entry_junction_2,
          serial_shops, shop, uniq_ijyb

Skill      XL: |  1 |
---------------+----+-----
Axes           | 3 |  3.5
Armour         | 2 |  2.3
Fighting       | |  3.4
Dodging        | |  1.7

Action                   || total
-------------------------++-------
Melee: Hand axe          ||    68
Invok: Berserk           ||     3
  Use: Potion            ||     1
 Stab: Sleeping          ||     2
Armor: Animal skin       ||    16
Dodge: Dodged            ||    47

Table legend:
 A = Spawn XP
 B = Non-spawn XP
 C = Spawn XP percentage of total XP
 D = Spawn monster count
 E = Non-spawn monster count
 F = Spawn count percentage of total count
 G = Total turns spent on level
                    A         B        C        D         E        F      G
               +---------+---------+-------+---------+---------+-------+---------
         Total |       0 |      71 |   0.0 |       0 |      22 |   0.0 |   451
               +---------+---------+-------+---------+---------+-------+---------
           D:1 |       0 |       6 |   0.0 |       0 |       4 |   0.0 |    66
           D:2 |       0 |      19 |   0.0 |       0 |      12 |   0.0 |   234
           D:3 |       0 |       2 |   0.0 |       0 |       1 |   0.0 |    39
           D:4 |       0 |      44 |   0.0 |       0 |       5 |   0.0 |   108
               +---------+---------+-------+---------+---------+-------+---------
